 Dungeon Crawl Stone Soup version 0.18.1-48-g4cf74bf (webtiles) character file.

73 dearth the Shield-Bearer (level 4, -12/40 HPs)
             Began as a Hill Orc Fighter on Aug 5, 2016.
             Engulfed by a cloud of flame (22 damage)
             ... on level 3 of the Dungeon.
             The game lasted 00:03:53 (1576 turns).

dearth the Shield-Bearer (Hill Orc Fighter)         Turns: 1576, Time: 00:03:53

Health: -12/40     AC: 11    Str: 19    XL:     4   Next: 27%
Magic:  4/4        EV:  8    Int:  8    God:
Gold:   136        SH:  9    Dex: 10    Spells: 0 memorised, 3 levels left

rFire  . . .     SeeInvis .     a - +0 war axe
rCold  . . .     Gourm    .     i - +4 ring mail
rNeg   + . .     Faith    .     c - +0 shield
rPois  .         Spirit   .     (no helmet)
rElec  .         Dismiss  .     (no cloak)
rCorr  .         Reflect  .     (no gloves)
SustAt .         Harm     .     e - +1 pair of boots
MR     .....                    (no amulet)
Stlth  ..........               (no ring)
                                b - ring of positive energy

@: not resistant to hostile enchantments, extremely unstealthy
A: no striking features
a: no special abilities


You were on level 3 of the Dungeon.
You were hungry.

You visited 1 branch of the dungeon, and saw 3 of its levels.

You collected 136 gold pieces.

Inventory:

Hand Weapons
 a - a +0 war axe (weapon)
Armour
 c - a +0 shield (worn)
 e - a +1 pair of boots (worn)
 i - a +4 ring mail (worn)
Jewellery
 b - a ring of positive energy (left hand)
Scrolls
 g - a scroll of noise {unknown}
 h - 2 scrolls of remove curse {unknown}
 j - a scroll of teleportation {unknown}
 p - a scroll of fear {unknown}
 q - a scroll of enchant weapon {unknown}
Potions
 d - a potion of might
 k - a potion of brilliance {unknown}
 l - 2 potions of flight {unknown}
 n - a potion of invisibility {unknown}
 o - a potion of agility {unknown}
 r - 2 potions of curing {unknown}
Comestibles
 f - a bread ration
 m - a slice of pizza


   Skills:
 + Level 3.8 Fighting
 + Level 3.5 Axes
 + Level 3.6 Armour
 + Level 1.4 Dodging
 + Level 4.0 Shields


You had 3 spell levels left.
You didn't know any spells.

Dungeon Overview and Level Annotations

Branches:
Dungeon (3/15)

Altars:
Trog
Xom


Message History

Found a shimmering altar of Xom.
The sheep burns! x5
The sheep burns! x5
The sheep burns! x5
The sheep burns! x3
The sheep explodes!
The fiery explosion engulfs the sheep.
The sheep explodes!
The fiery explosion engulfs the sheep.
The sheep explodes!
The fiery explosion engulfs the sheep.
The sheep explodes!
The sheep burns!
The sheep explodes!
The fiery explosion engulfs you!
Ouch! That really hurt!
* * * LOW HITPOINT WARNING * * *
You are engulfed in roaring flames.
Ouch! That really hurt!
You die...

............%....%.#
..(................#
............§§§....#
............§§§§...#
..........._§§§....#
.........%..§§§§...#
.#####....%%.§§.%..# .#
#......%..§§..#
######.......%§§@..#######
............%..>...'...))..#
.....#.............#######.#
.....#...................#.#
.....#.............#####.#.#.#
.....#.............# #.#.#.#
.....#.............## #.#.#.#
..#..†..............####.#.#.#
..#.................+......#.#


There were no monsters in sight!

Vanquished Creatures
  An adder (D:2)
  An ooze (D:2)
  2 worms (D:2)
  A dart slug (D:1)
  2 giant geckos
  5 giant cockroaches
  3 goblins
  4 hobgoblins
  4 jackals (D:3)
  9 kobolds
  2 quokkas (D:2)
  2 ball pythons
  6 bats (D:1)
  2 giant newts
  7 rats
51 creatures vanquished.

Vanquished Creatures (others)
  5 sheep (D:3)
5 creatures vanquished.

Grand Total: 56 creatures vanquished

Notes
Turn   | Place    | Note
--------------------------------------------------------------
     0 | D:1      | dearth the Hill Orc Fighter began the quest for the Orb.
     0 | D:1      | Reached XP level 1. HP: 19/19 MP: 1/1
   134 | D:1      | Reached XP level 2. HP: 27/27 MP: 2/2
   432 | D:1      | Reached skill level 1 in Dodging
   530 | D:1      | Reached XP level 3. HP: 31/33 MP: 3/3
  1223 | D:2      | Found a bloodstained altar of Trog.
  1258 | D:2      | Reached XP level 4. HP: 40/40 MP: 4/4
  1396 | D:3      | Reached skill level 4 in Shields
  1571 | D:3      | Found a shimmering altar of Xom.
  1576 | D:3      | Engulfed by a cloud of flame

Skill      XL: |  1  2  3  4 |
---------------+-------------+-----
Axes           | 3 |  3.5
Dodging        | 1 |  1.4
Shields        | 4 |  4.0
Fighting       | |  3.8
Armour         | |  3.6

Action                   |  1- 3 |  4- 6 || total
-------------------------+-------+-------++-------
Melee: War axe           |   144 |    32 ||   176
  Eat: Chunk             |     1 |     1 ||     2
Armor: Scale mail        |    24 |       ||    24
       Ring mail         |    71 |    10 ||    81
Dodge: Dodged            |    58 |    11 ||    69
Block: Shield            |    83 |    18 ||   101
